 Dungeon Crawl Stone Soup version 0.29-a0-330-g52719c12eb (webtiles) character file.

Game seed: 4619554642631127847

9106 kae the Arsonist (level 11, -3/72 HPs)
             Began as an Octopode Fire Elementalist on Apr 18, 2022.
             Was a Believer of Ashenzari.
             Slain by Urug
             ... wielding a +6 battleaxe of flaming
              (27 damage)
             ... on level 10 of the Dungeon.
             The game lasted 00:12:09 (15303 turns).

kae the Arsonist (Octopode Fire Elementalist)      Turns: 15303, Time: 00:12:10

Health: -3/72      AC:  1    Str:  7    XL:     11   Next: 41%
Magic:  9/20       EV: 22    Int: 29    God:    Ashenzari [**....]
Gold:   433        SH:  8    Dex: 12    Spells: 9/22 levels left

rFire   + + .      SeeInvis +   d - +0 dagger (protect)
rCold   x . .      Faith    .   y - +0 kite shield
rNeg    . . .      Spirit   .   (helmet restricted)
rPois   .          Reflect  .   m - amulet of regeneration
rElec   .          Harm     .   h - ring "Shattered Oracle" {SInv, Cun, Evo} (curse)
rCorr   .          Rampage  .   g - ring of Curses and Power {Int+6, Evo, Bglg} (curse)
Will    .....                   k - ring "Shattered Boredom" {EV+4, Evo, Cun} (curse)
Stlth   ++++++....              p - ring of the Manifest Prison {EV+4, Evo, Comp} (curse)
HPRegen 1.02/turn               q - ring of the Bound God {rF+, Elem, Melee} (curse)
MPRegen 0.17/turn               J - ring of fire
                                (no ring)
                                (no ring)

@: no status effects
A: almost no armour, amphibious, 8 rings, camouflage 1, gelatinous body 1,
(nimble swimmer 1), tentacles
a: Renounce Religion, Shatter the Chains


You were on level 10 of the Dungeon.
You worshipped Ashenzari.
Ashenzari was pleased with you.
You visited 2 branches of the dungeon, and saw 11 of its levels.
You also visited: Ossuary.

You collected 468 gold pieces.
You spent 35 gold pieces at shops.

Inventory:

Hand Weapons
 d - a +0 dagger of protection (weapon)
Armour
 y - a +0 kite shield (worn)
Jewellery
 g - the cursed ring of Curses and Power (right tentacle) {Int+6, Evo, Bglg}
   (You acquired it on level 2 of the Dungeon)

   [ring of intelligence]

   Int:       It affects your intelligence (+6).
   It has a curse which improves the following skills: Evocations: Evocations.
   Beguiling: Conjurations, Hexes and Translocations.
 h - the cursed ring "Shattered Oracle" (left tentacle) {SInv, Cun, Evo}
   (You found it on level 1 of the Dungeon)

   [ring of see invisible]

   SInv:      It lets you see invisible.
   It has a curse which improves the following skills: Cunning: Dodging and
   Stealth.
   Evocations: Evocations.
 k - the cursed ring "Shattered Boredom" (on tentacle) {EV+4, Evo, Cun}
   (You found it on level 2 of the Dungeon)

   [ring of evasion]

   EV:        It affects your evasion (+4).
   It has a curse which improves the following skills: Evocations: Evocations.
   Cunning:   Dodging and Stealth.
 m - an amulet of regeneration (around mantle)
 o - an amulet of the acrobat
 p - the cursed ring of the Manifest Prison (on tentacle) {EV+4, Evo, Comp}
   (You took it off a goblin on level 3 of the Dungeon)

   [ring of evasion]

   EV:        It affects your evasion (+4).
   It has a curse which improves the following skills: Evocations: Evocations.
   Companions: Summonings and Necromancy.
 q - the cursed ring of the Bound God (on tentacle) {rF+, Elem, Melee}
   (You found it on level 3 of the Dungeon)

   [ring of protection from fire]

   rF:        It protects you from fire.
   It has a curse which improves the following skills: Elements: Fire Magic, Ice
   Magic, Air Magic and Earth Magic.
   Melee Combat: Short Blades, Long Blades, Axes, Maces & Flails, Polearms,
   Staves and Unarmed Combat.
 J - a ring of fire (on tentacle)
Wands
 c - a wand of polymorph (9)
 e - a wand of paralysis (12)
 t - a wand of flame (20)
 w - a wand of iceblast (7)
 B - a wand of charming (3)
 H - a wand of acid (8)
Scrolls
 f - a scroll of silence
 j - 2 scrolls of magic mapping
 l - 4 scrolls of teleportation
 r - 2 scrolls of holy word
 u - 2 scrolls of identify
 v - 2 scrolls of noise
 z - 4 scrolls of enchant weapon
 F - 2 scrolls of amnesia
 I - a scroll of fog
Potions
 a - a potion of might
 b - 4 potions of curing
 i - 2 potions of heal wounds
 n - 3 potions of flight
 s - 2 potions of brilliance
 x - 3 potions of ambrosia
 A - a potion of cancellation
 D - 3 potions of lignification
 E - a potion of attraction


   Skills:
 + Level 6.2 Fighting
 + Level 6.7(8.6) Dodging
 + Level 9.3(11.2) Stealth
 + Level 3.6 Shields
 + Level 6.1 Spellcasting
 + Level 6.2(7.5) Conjurations
 * Level 9.6(10.9) Fire Magic
 + Level 3.2(5.9) Evocations


You had 9 spell levels left.
You knew the following spells:

 Your Spells              Type           Power      Damage    Failure   Level
a - Foxfire               Conj/Fire      100%       2x1d9     1%          1
b - Scorch                Fire           100%       2d10      1%          2
c - Conjure Flame         Conj/Fire      76%        6-21      1%          3
d - Inner Flame           Hex/Fire       57%        N/A       5%          3
e - Flame Wave            Conj/Fire      76%        2d14      3%          4

Your spell library contained the following spells:

 Spells                   Type           Power      Damage    Failure   Level
 Stone Arrow              Conj/Erth      62%        3d10      11%         3
 Apportation              Tloc           18%        N/A       16%         1
 Blink                    Tloc           18%        N/A       24%         2
 Alistair's Intoxication  Tmut/Pois      5%         N/A       99%         5
 Manifold Assault         Tloc           9%         N/A       99%         5
 Storm Form               Tmut/Air       4%         N/A       100%        7
 Lehudib's Crystal Spear  Conj/Erth      15%        10d5      100%        8
 Animate Armour           Summ/Erth      Unusable   N/A       N/A         4

Dungeon Overview and Level Annotations

Branches:
Dungeon (10/15)            Temple (1/1) D:4             Orc (0/2) D:9
Ossuary (visited)
   Lair: D:8-11

Altars:
Ashenzari
Cheibriados
Dithmenos
Elyvilon
Fedhas
Gozag
Hepliaklqana
Kikubaaqudgha
Makhleb
Nemelex Xobeh
Okawaru
Qazlal
Ru
Sif Muna
Trog
Uskayaw
Vehumet
Wu Jian
Yredelemnul
Zin
The Shining One

Shops:
D:2 *   D:7 :   D:8 [

Annotations:
D:3 Grinder
D:6 2 runed translucent doors, Crazy Yiuf; initializr's ghost, novice HOFi
D:10 Urug


Innate Abilities, Weirdness & Mutations

You cannot wear most types of armour.
You are amphibious.
You can wear up to eight rings at the same time.
Your skin changes colour to match your surroundings (Stealth+).
Your rubbery body absorbs attacks. (AC +1, EV +1)
((You are camouflaged when in or above water. (Stealth+)))
You have tentacles for arms and can constrict up to eight enemies at once.


Message History

Urug is lightly wounded.
Urug throws a javelin.
The javelin misses you.
The foxfire hits Urug but does no damage.
Casting: Foxfire (safe; 1% risk of failure)
Confirm with . or Enter, or press ? or * to list all spells.
You feel a surge of power!
You conjure some foxfire!
The foxfire hits Urug but does no damage. x2
Casting: Foxfire (safe; 1% risk of failure)
Confirm with . or Enter, or press ? or * to list all spells.
You feel a surge of power!
Flames lash Urug.
Urug is lightly wounded.
Urug's fire resistance burns away.
Urug throws a javelin.
The javelin barely misses you.
Urug throws a javelin.
The javelin completely misses you.
Casting: Scorch (safe; 1% risk of failure)
Confirm with . or Enter, or press ? or * to list all spells.
You feel a surge of power!
Flames lash Urug but do no damage.
Urug is no longer more vulnerable to fire.
You block Urug's attack.
Casting: Scorch (safe; 1% risk of failure)
Confirm with . or Enter, or press ? or * to list all spells.
You feel a surge of power!
Flames lash Urug.
Urug is moderately wounded.
Urug's fire resistance burns away.
Urug hits you with a +6 battleaxe of flaming!
Urug burns you. You block Urug's attack.
Casting: Scorch (safe; 1% risk of failure)
Confirm with . or Enter, or press ? or * to list all spells.
You feel a surge of power!
Flames lash Urug.
Urug is burned terribly!
Urug is moderately wounded.
Urug closely misses you.
Urug hits you with a +6 battleaxe of flaming!!
Urug burns you.
Casting: Scorch (safe; 1% risk of failure)
Confirm with . or Enter, or press ? or * to list all spells.
You feel a surge of power!
Flames lash Urug.
Urug is burned terribly!
Urug is moderately wounded.
Urug hits you with a +6 battleaxe of flaming!!
You die...

* #.................).. ,*
#.................... *
#######.................... *
#..........................
,*#####..........................
#...#..........................
###...+..........................
.##...#..........................
......#.........@#######.........
o.....'.........o# #.........
......#..........# #.........
.###+##..........# #.........
##...............# #.........
#.....##'##.....# #.(.......
#.....#...#.....# ######....
,#.....#...'.....# #....
#.....'o..#.....# #....


You could see Urug (combustible).

Vanquished Creatures
  A two-headed ogre (D:9)
  Pikel (D:6)
  2 trolls (D:9)
  A hornet (D:7)
  10 yaks
  4 wyverns
  Sigmund (D:3)
  A wraith (D:9)
  A steam dragon (D:9)
  A water moccasin (D:7)
  5 orc warriors
  A sky beast (D:5)
  2 ice beasts (D:5)
  2 black bears
  3 ogres
  A centaur (D:6)
  A lemure (D:6)
  Blork the orc (D:6)
  5 kobold brigands
  4 bullfrogs
  3 gnoll sergeants
  5 scorpions
  5 water moccasin zombies (Ossuary)
  9 wights
  3 killer bees (D:9)
  3 electric eels
  A howler monkey (D:4)
  4 hounds
  A gnoll shaman (D:7)
  8 orc priests
  A jelly (D:6)
  4 iguanas
  22 orc wizards
  2 mummies (Ossuary)
  8 gnolls
  7 adders
  A shadow imp (D:6)
  A white imp (D:8)
  4 adder zombies (Ossuary)
  2 dart slugs
  69 orcs
  8 endoplasms
  8 giant cockroaches
  2 goblins
  5 hobgoblins
  3 jackals (D:1)
  21 kobolds
  4 quokkas
  4 ball pythons
  6 bats
  4 frilled lizards
  2 gnoll zombies (Ossuary)
  7 hobgoblin zombies (Ossuary)
  6 kobold zombies (Ossuary)
  9 orc zombies (Ossuary)
  9 rats
309 creatures vanquished.

Vanquished Creatures (collateral kills)
  4 foxfires
4 creatures vanquished.

Vanquished Creatures (others)
  1044 foxfires
  58 plants
  2 withered plants (D:6)
1104 creatures vanquished.

Grand Total: 1417 creatures vanquished

Notes
Turn   | Place    | Note
-------+----------+-------------------------------------------
     0 | D:1      | kae the Octopode Fire Elementalist began the quest for the
                  | Orb.
     0 | D:1      | Reached XP level 1. HP: 11/11 MP: 3/3
   282 | D:1      | Reached XP level 2. HP: 9/17 MP: 0/5
  1066 | D:1      | Reached XP level 3. HP: 17/22 MP: 2/6
  1069 | D:1      | Learned a level 2 spell: Scorch
  1073 | D:1      | Learned a level 3 spell: Conjure Flame
  1721 | D:2      | Reached skill level 1 in Fighting
  2062 | D:2      | Found Boewnar's General Store.
  2080 | D:2      | Bought a scroll of magic mapping for 35 gold pieces
  2080 | D:2      | Identified a scroll of acquirement
  2080 | D:2      | Acquired a +6 ring of intelligence
  2547 | D:2      | Reached XP level 4. HP: 28/28 MP: 5/7
  2729 | D:3      | Found a snail-covered altar of Cheibriados.
  2818 | D:3      | Noticed a scorpion
  2823 | D:3      | Killed a scorpion
  2824 | D:3      | Reached XP level 5. HP: 33/33 MP: 2/8
  2939 | D:3      | Found a faded altar of an unknown god.
  3318 | D:3      | Noticed Sigmund
  3330 | D:3      | Killed Sigmund
  3331 | D:3      | Reached XP level 6. HP: 39/39 MP: 7/10
  3558 | D:3      | Found an ornate altar of the Wu Jian Council.
  3571 | D:3      | Noticed Grinder
  4381 | D:4      | Found a staircase to the Ecumenical Temple.
  4565 | D:4      | Reached XP level 7. HP: 36/45 MP: 4/11
  4656 | Temple   | Entered the Ecumenical Temple
  5181 | D:4      | Reached skill level 5 in Fire Magic
  5342 | D:4      | Found an iron altar of Okawaru.
  5342 | D:4      | Found a broken altar of Ashenzari.
  5402 | D:4      | Found a sparkling altar of Nemelex Xobeh.
  5404 | D:4      | Became a worshipper of Ashenzari the Shackled
  5777 | D:4      | Found an opulent altar of Gozag.
  5779 | D:4      | Found a burning altar of Makhleb.
  5849 | D:5      | Entered Level 5 of the Dungeon
  5888 | D:5      | Reached skill level 5 in Stealth
  6010 | D:5      | Learned a level 3 spell: Inner Flame
  6262 | D:5      | Reached XP level 8. HP: 52/52 MP: 9/13
  8057 | D:6      | Learned a level 4 spell: Flame Wave
  8218 | D:6      | Noticed Pikel
  8353 | D:6      | Found a runed translucent door.
  8353 | D:6      | Noticed initializr's ghost (novice HOFi)
  8372 | D:6      | Reached XP level 9. HP: 47/58 MP: 2/15
  8559 | D:6      | Killed Pikel
  8567 | D:6      | Reached skill level 5 in Dodging
  8813 | D:6      | Noticed Blork the orc
  8870 | D:6      | Killed Blork the orc
  9377 | D:6      | Reached * piety under Ashenzari
  9608 | D:6      | Found a runed translucent door.
  9609 | D:6      | Noticed Crazy Yiuf
  9896 | D:7      | Reached skill level 1 in Shields
  9896 | D:7      | Reached skill level 5 in Spellcasting
  9896 | D:7      | Reached skill level 5 in Conjurations
 10079 | D:7      | Reached XP level 10. HP: 65/65 MP: 11/17
 10084 | D:7      | Reached skill level 5 in Fighting
 10529 | D:7      | Found a hide-covered altar of Uskayaw.
 10586 | D:7      | Found Uriunef's Book Shoppe.
 11371 | D:8      | Found a sand-covered staircase.
 11376 | Ossuary  | Entered an ossuary
 11990 | D:8      | Found Otus's Armour Shop.
 12073 | D:8      | Reached ** piety under Ashenzari
 12429 | D:8      | Reached skill level 1 in Evocations
 12751 | D:9      | Noticed a two-headed ogre
 12774 | D:9      | Killed a two-headed ogre
 13489 | D:9      | Reached XP level 11. HP: 72/72 MP: 9/19
 13750 | D:9      | Found an ancient bone altar of Kikubaaqudgha.
 14085 | D:9      | Found a staircase to the Orcish Mines.
 14613 | D:10     | Entered Level 10 of the Dungeon
 15023 | D:10     | Noticed Urug
 15069 | D:10     | Noticed a two-headed ogre
 15303 | D:10     | Slain by Urug

Illustrated notes

Levels and vault maps discovered:
D:1:      lightli_arrival_chessboard, layout_basic, st_stairs_6
D:2:      layout_basic, serial_shops,
          nicolae_shop_temple_entry_statues_fountains, minmay_worlds_worst_comb
D:3:      layout_loops_cross, mainiacjoe_overflow_big_doors,
          serial_co_window_serial, co_window_corner_a,
          co_window_of_opportunity_a, co_window_cross_1,
          co_window_of_opportunity_a, co_window_cross_1, co_window_paths_b,
          co_window_corner_cb, co_window_unsneaky_path_a, co_window_broadway_c,
          co_window_broadway_c, glass_columns_a, glass_columns_c,
          glass_columns_b, dreamdust_ecumenical_altar_angels_and_demons,
          uniq_grinder, uniq_sigmund
D:4:      layout_basic, chequers_temple_overflow_minitemple, temple_green
D:5:      wander_river, layout_basic, hangedman_decor_lopped,
          minmay_diced_spiral
D:6:      layout_rooms, serial_bayou, serial_bayou_shore_a, serial_bayou_pond_e,
          serial_bayou_pond_b, serial_bayou_crossing, gammafunk_ghost_grave,
          minivault_11, kennysheep_cross_bottleneck, sword_in_stone,
          uniq_crazy_yiuf_cottage, uniq_pikel
D:7:      layout_layer_cave, mainiacjoe_overflow_chevrons, serial_shops, shop,
          serial_bayou_lake_a
D:8:      layout_cave_pools, nicolae_ossuary_entry_false_entrances,
          minivault_24, grunt_ministairs_13, minmay_misc_feat_rows,
          nicolae_take_the_stairs
D:9:      layout_basic, lemuel_tele_altar,
          kennysheep_orc_monster_closet_entryway
D:10:     layout_gridville, xom_confusion_cloud, uniq_urug
Temple:   hc_temple_tempest_star

Skill      XL: |  1  2  3  4  5  6  7  8  9 10 11 |
---------------+----------------------------------+-----
Stealth        | 3 4 5 6 7 8 9 |  9.3
Fighting       | 1 2 3 4 5 6 |  6.2
Fire Magic     | 4 5 6 8 9 |  9.6
Dodging        | 3 4 5 6 |  6.7
Conjurations   | 2 3 4 5 6 |  6.2
Spellcasting   | 3 4 5 6 |  6.1
Shields        | 1 3 |  3.6
Evocations     | 2 3 |  3.2

Action                   |  1- 3 |  4- 6 |  7- 9 | 10-12 || total
-------------------------+-------+-------+-------+-------++-------
Melee: Unarmed           |     7 |       |       |       ||     7
       Dagger            |    10 |    23 |    59 |   137 ||   229
       Constrict         |     4 |     6 |    10 |    27 ||    47
       Tentacles         |     2 |     7 |    14 |    51 ||    74
       Punch             |       |     1 |       |     2 ||     3
 Cast: Foxfire           |    71 |    60 |   185 |   265 ||   581
       Scorch            |       |     7 |    37 |    52 ||    96
       Conjure Flame     |       |       |     2 |    23 ||    25
Invok: Curse Item        |       |       |     2 |     3 ||     5
  Use: Scroll            |     9 |     1 |     2 |     1 ||    13
       Potion            |       |     1 |     2 |     2 ||     5
 Stab: Sleeping          |     4 |       |       |     4 ||     8
Armor: Skin              |     4 |     4 |    41 |    23 ||    72
Dodge: Dodged            |    11 |    32 |   125 |   284 ||   452
Block: Kite shield       |       |       |     2 |   135 ||   137

Table legend: (Time is in decaauts)
 A = Elapsed time spent in this place.
 B = Non-inter-level travel time spent in this place.
 C = Inter-level travel time spent in this place.
 D = Time resting spent in this place.
 E = Time spent auto-exploring this place.
 F = Levels seen in this place.
 G = Mean time per level.
                   A        B        C        D        E       F      G
               +--------+--------+--------+--------+--------+-----+--------+
         Total |  15348 |  14840 |    508 |    726 |  11412 |  12 | 1279.0 |
       Dungeon |  14530 |  14050 |    480 |    726 |  10788 |  10 | 1453.0 |
        Temple |    278 |    251 |     27 |      0 |    236 |   1 |  278.0 |
       Ossuary |    539 |    539 |      0 |      0 |    388 |   1 |  539.0 |
               +--------+--------+--------+--------+--------+-----+--------+

Top non-repeatable levels by time:
     D:5: 2165 daAuts
     D:9: 1994 daAuts
     D:6: 1698 daAuts
     D:3: 1646 daAuts
     D:7: 1629 daAuts
     D:1: 1550 daAuts
     D:4: 1261 daAuts
     D:2: 1147 daAuts
     D:8: 807 daAuts
    D:10: 629 daAuts
 Ossuary: 539 daAuts
  Temple: 278 daAuts
